 Dungeon Crawl Stone Soup version 0.27-a0-489-g24c7b1a3ef (webtiles) character file.

Game seed: 15558620079737998222

53375 jasper the Grappler (level 13, -26/113 HPs)
             Began as a Demigod Transmuter on Mar 1, 2021.
             Annihilated by Donald
             ... wielding a +1 antimagic broad axe
              (36 damage)
             ... on level 1 of the Orcish Mines.
             The game lasted 00:34:31 (17898 turns).

jasper the Grappler (Demigod Transmuter)           Turns: 17898, Time: 00:34:31

Health: -26/113    AC: 16    Str: 20    XL:     13   Next: 98%
Magic:  0/24       EV: 18    Int: 27    God:
Gold:   1425       SH:  0    Dex: 18    Spells: 12/22 levels left

rFire    . . .     SeeInvis .     - Unarmed
rCold    + . .     Faith    .   (shield currently unavailable)
rNeg     . . .     Spirit   .   e - +2 ring mail of Pleasant Breezes {Str+5 Dex+4}
rPois    .         Reflect  .   o - +0 helmet
rElec    .         Harm     .   (no cloak)
rCorr    .         Rampage  .   (gloves currently unavailable)
Will     +....                  O - +0 pair of boots
Stlth    +.........             L - amulet of the acrobat
HPRegen  0.28/turn              G - ring of protection from cold
MPRegen  0.19/turn              B - +4 ring of protection

@: about to teleport, blade hands
A: high mp 1
a: End Transformation


You were on level 1 of the Orcish Mines.
You had blades for hands.
You visited 3 branches of the dungeon, and saw 17 of its levels.

You collected 1625 gold pieces.
You spent 200 gold pieces at shops.

Inventory:

Missiles
 i - 31 poisoned darts
 w - 13 boomerangs
 x - 2 throwing nets
 C - 3 silver boomerangs
 K - 4 javelins
Armour
 a - a +0 robe
 c - a +0 leather armour
 e - the +2 ring mail of Pleasant Breezes (worn) {Str+5 Dex+4}
   (You found it on level 4 of the Dungeon)

   It affects your strength (+5).
   It affects your dexterity (+4).
 o - a +0 helmet (worn)
 t - a +0 ring mail
 y - a +2 pair of gloves
 E - the +5 chain mail "Gurghiof" {MP+9 Str+4}
   (You took it off an orc on level 6 of the Dungeon)

   It affects your strength (+4).
   It affects your magic capacity (+9).
 H - a +2 chain mail of cold resistance
 J - +0 acid dragon scales
 O - a +0 pair of boots (worn)
 P - the +1 pair of gloves of Qeymmeg (melded) {Regen+}
   (You found it on level 10 of the Dungeon)

   It increases your rate of regeneration.
Jewellery
 d - an amulet of magic regeneration
 k - a ring of ice
 q - a +6 ring of strength
 B - a +4 ring of protection (right blade hand)
 G - a ring of protection from cold (left blade hand)
 L - an amulet of the acrobat (around neck)
 M - the ring of Xom's Recklessness {Ice Int+5}
   (You found it on level 8 of the Dungeon)

   [ring of ice]

   It enhances your ice magic.
   It affects your intelligence (+5).
   It makes you vulnerable to fire.
   It protects you from cold.
 Q - a ring of fire
 U - a ring of protection from fire
 V - an amulet of guardian spirit
 W - a ring of flight
Wands
 I - a wand of charming (5)
 S - a wand of flame (24)
 X - a wand of iceblast (20)
Scrolls
 b - 6 scrolls of teleportation
 g - 4 scrolls of enchant weapon
 l - 4 scrolls of amnesia
 m - 3 scrolls of random uselessness
 s - 6 scrolls of enchant armour
 z - 3 scrolls of immolation
 A - 2 scrolls of magic mapping
 T - 3 scrolls of fog
Potions
 f - 2 potions of brilliance
 j - 2 potions of mutation
 n - a potion of flight
 p - a potion of lignification
 r - 3 potions of attraction
 u - 3 potions of degeneration
 F - 2 potions of cancellation
 R - a potion of ambrosia
 Y - 2 potions of berserk rage {unknown}
Miscellaneous
 D - a tin of tremorstones (inert)
 N - a box of beasts


   Skills:
 - Level 10.0 Fighting
 - Level 10.0 Armour
 - Level 10.0 Dodging
 - Level 10.1 Unarmed Combat
 - Level 5.0 Spellcasting
 - Level 3.0 Necromancy
 - Level 3.0 Translocations
 + Level 9.5 Transmutations


You had 12 spell levels left.
You knew the following spells:

 Your Spells              Type           Power        Failure   Level
a - Beastly Appendage     Tmut           100%         9%          1
b - Wereblood             Tmut           55%          10%         2
c - Blade Hands           Tmut           27%          36%         5
d - Animate Skeleton      Necr           44%          26%         1
e - Apportation           Tloc           44%          26%         1

Your spell library contained the following spells:

 Spells                   Type           Power        Failure   Level
 Spider Form              Tmut/Pois      16%          32%         3
 Corona                   Hex            6%           47%         1
 Foxfire                  Conj/Fire      24%          47%         1
 Summon Small Mammal      Summ           24%          47%         1
 Call Imp                 Summ           6%           56%         2
 Ice Form                 Ice/Tmut       32%          56%         4
 Call Canine Familiar     Summ           6%           75%         3
 Conjure Flame            Conj/Fire      6%           75%         3
 Inner Flame              Hex/Fire       6%           75%         3
 Summon Guardian Golem    Hex/Summ       6%           75%         3
 Sticky Flame             Conj/Fire      6%           96%         4
 Summon Ice Beast         Ice/Summ       6%           96%         4
 Summon Lightning Spire   Summ/Air       6%           96%         4
 Fireball                 Conj/Fire      3%           100%        5


Dungeon Overview and Level Annotations

Branches:
Dungeon (12/15)            Temple (0/1) D:5            Lair (3/6) D:8
  Swamp (0/4) Lair:2          Orc (2/2) D:11
  Snake: Lair:2-4    Spider: Lair:2-4       Elf: Orc:2

Shops:
D:7 =   Orc:1 **

Annotations:
D:12 Maurice
Orc:1 Donald


Innate Abilities, Weirdness & Mutations

You have an increased reservoir of magic. (+10% MP)


Message History

Things that are here:
a +0 plate armour; a +0 trident; an orc corpse Donald hits you with a +1 antimagic broad axe.
* * * LOW HITPOINT WARNING * * *
You feel your power leaking away.
You climb upwards.
There is a stone staircase leading down here.
You take 3 damage, and have 33/113 hp.
You now have 1/24 mp.
Okay, then.
Okay, then.
Donald gestures wildly while chanting.
Donald seems to speed up.
Donald says, "I don't get what's so special about the number twenty-seven."
Okay, then.
You feel much better.
Donald hits you with a +1 antimagic broad axe!!
You feel your power leaking away.
You regained 4 hp, and now have 39/113 hp.
You now have 0/24 mp.
Okay, then.
Donald says, "Orcs smell really bad.
Yuck."
Donald barely misses you. Donald barely misses you.
Donald says, "Orcs complain a lot, don't they?
I hate it."
Donald hits you with a +1 antimagic broad axe!!!
* * * LOW HITPOINT WARNING * * *
You feel your power leaking away.
You take 40 damage, and have 1/113 hp.
MASSIVE DAMAGE!!
You now have 0/24 mp.
Okay, then.
You feel better. Donald hits you but does no damage. Donald closely misses you.
You regained 10 hp, and now have 11/113 hp.
You feel better.
Donald hits you with a +1 antimagic broad axe!
* * * LOW HITPOINT WARNING * * *
You feel your power leaking away.
You take 1 damage, and have 10/113 hp.
You now have 0/24 mp.
As you read the scroll of teleportation, it crumbles to dust.
You feel strangely unstable.
Donald hits you with a +1 antimagic broad axe!!!
You die...

##....................#
#...#.................#
##.#..................#
##.#.........##........#
#......................#
##.......[............##
##.....⌠.⌠........#....##
#...#...∩........##.....#
##..##.⌠.⌠..##.@@......##
#...###.....###.....###
##.## #......##.#....#
### ##..#.##...##.##
#...####...### ##..##
##.## #...# ### ##.## ###


You could see Donald (fast, strong).

Vanquished Creatures
  An ettin (Orc:2)
  The ghost of tatocazan the Grappler, a journeyman TrHu of Okawaru (Orc:1)
  Harold (D:7)
  Fannar (Lair:2)
  A boulder beetle (D:9)
  An ogre mage (D:10)
  7 two-headed ogres
  2 orc high priests (Orc:2)
  2 orc knights
  4 orc sorcerers
  A will-o-the-wisp (Lair:2)
  3 ugly things
  2 black mambas (Lair:1)
  3 cane toads
  Maggie (D:7)
  A rime drake (Lair:2)
  Psyche (D:11)
  An efreet (D:9)
  4 komodo dragons
  4 jumping spiders (Lair:3)
  2 polar bears
  3 trolls
  3 slime creatures (D:11)
  17 blink frogs
  2 redbacks (Lair:3)
  A wraith (D:10)
  A wyvern (D:8)
  4 basilisks
  2 vampire mosquitoes
  29 yaks
  A steam dragon (D:8)
  3 wargs
  2 acid dragons
  Duvessa (D:7)
  7 water moccasins
  A sky beast (D:11)
  18 orc warriors
  6 black bears
  6 ice beasts
  An eye of draining (shapeshifter) (D:8)
  5 ogres
  12 wolves
  A centaur (D:9)
  A phantom (D:5)
  3 kobold brigands
  10 bullfrogs
  A scorpion (D:8)
  Dowan (D:7)
  6 killer bees
  9 wights
  3 electric eels (D:6)
  4 hounds
  2 quasits
  A bullfrog zombie (D:12)
  A centaur zombie (D:11)
  2 jellies
  13 orc priests
  3 bullfrog skeletons
  2 centaur skeletons
  Natasha (twice) (D:4)
  An iguana (D:4)
  15 orc wizards
  11 worker ants
  Terence (D:3)
  A killer bee zombie (D:10)
  A hound skeleton (D:5)
  A worker ant zombie (D:9)
  3 gnolls (D:2)
  A howler monkey skeleton (D:7)
  9 adders
  4 white imps
  3 ufetubi
  An ooze (D:1)
  3 adder zombies
  An adder skeleton (D:5)
  5 worms
  A dart slug (D:1)
  4 leopard geckos
  55 orcs
  2 ball pythons
  5 giant cockroaches
  2 goblins (D:1)
  7 hobgoblins
  11 jackals
  5 quokkas
  9 bats
  A frilled lizard (D:4)
  12 kobolds
  A leopard gecko skeleton (D:7)
  A quokka skeleton (D:7)
  8 rats
  A butterfly (Lair:2)
420 creatures vanquished.

Vanquished Creatures (collateral kills)
  A centaur skeleton (D:9)
  2 orcs (D:9)
3 creatures vanquished.

Vanquished Creatures (others)
  2 foxfires (Lair:2)
  15 fungi
  78 plants
95 creatures vanquished.

Grand Total: 518 creatures vanquished

Notes
Turn   | Place    | Note
-------+----------+-------------------------------------------
     0 | D:1      | jasper the Demigod Transmuter began the quest for the Orb.
     0 | D:1      | Reached XP level 1. HP: 15/15 MP: 5/5
   106 | D:1      | Reached skill level 1 in Fighting
   388 | D:1      | Reached XP level 2. HP: 22/23 MP: 5/7
  1394 | D:2      | Reached XP level 3. HP: 28/28 MP: 6/8
  2347 | D:3      | Reached XP level 4. HP: 36/36 MP: 7/9
  2581 | D:3      | Noticed Terence
  2600 | D:3      | Killed Terence
  2608 | D:3      | Reached XP level 5. HP: 22/42 MP: 10/10
  2653 | D:3      | Learned a level 2 spell: Wereblood
  2822 | D:3      | Found a glowing golden altar of the Shining One.
  2823 | D:3      | Found a sacrificial altar of Ru.
  2825 | D:3      | Found a basalt altar of Yredelemnul.
  3207 | D:3      | Found a burning altar of Makhleb.
  3248 | D:3      | Found a sparkling altar of Nemelex Xobeh.
  3249 | D:3      | Found a hazy altar of Hepliaklqana.
  3252 | D:3      | Found a snail-covered altar of Cheibriados.
  3252 | D:3      | Found a broken altar of Ashenzari.
  3398 | D:3      | Noticed a water moccasin
  3430 | D:4      | Identified the +2 ring mail of Pleasant Breezes {Str+5
                  | Dex+4}
  3470 | D:4      | Reached skill level 5 in Unarmed Combat
  3483 | D:4      | Reached XP level 6. HP: 23/51 MP: 11/11
  4012 | D:4      | Found a shimmering blue altar of Sif Muna.
  4100 | D:4      | Learned a level 5 spell: Blade Hands
  4299 | D:4      | Noticed Natasha
  4305 | D:4      | Killed Natasha
  4428 | D:4      | Noticed Natasha
  4434 | D:4      | Killed Natasha
  4485 | D:5      | Entered Level 5 of the Dungeon
  4516 | D:5      | Found a shimmering blue altar of Sif Muna.
  4965 | D:5      | Reached XP level 7. HP: 44/59 MP: 12/12
  5095 | D:5      | Found a staircase to the Ecumenical Temple.
  5732 | D:6      | Reached skill level 5 in Fighting
  5802 | D:6      | Identified the +5 chain mail "Gurghiof" {MP+9 Str+4}
  5805 | D:6      | Reached XP level 8. HP: 68/68 MP: 13/13
  5900 | D:6      | Found an ancient bone altar of Kikubaaqudgha.
  5946 | D:6      | Learned a level 1 spell: Animate Skeleton
  5948 | D:6      | Learned a level 1 spell: Apportation
  6722 | D:7      | Noticed Harold
  6735 | D:7      | Killed Harold
  6823 | D:7      | Noticed Duvessa
  6823 | D:7      | Noticed Dowan
  6829 | D:7      | Killed Dowan
  6837 | D:7      | Killed Duvessa
  6838 | D:7      | Reached XP level 9. HP: 66/78 MP: 14/14
  6912 | D:7      | Noticed Maggie
  6933 | D:7      | Killed Maggie
  7042 | D:7      | Found Idgheiv's Jewellery Boutique.
  7087 | D:7      | Reached skill level 10 in Unarmed Combat
  7147 | D:7      | Found an opulent altar of Gozag.
  8022 | D:8      | Identified the ring of Xom's Recklessness {Ice Int+5}
  8088 | D:8      | Noticed a two-headed ogre
  8095 | D:8      | Killed a two-headed ogre
  8377 | D:8      | Found a radiant altar of Vehumet.
  8385 | D:8      | Reached XP level 10. HP: 82/92 MP: 15/15
  8759 | D:8      | Reached skill level 10 in Fighting
  8971 | D:8      | Found a staircase to the Lair.
  8977 | D:8      | Reached skill level 1 in Armour
  8977 | D:8      | Reached skill level 1 in Necromancy
  8977 | D:8      | Reached skill level 1 in Translocations
  9149 | D:8      | Noticed a two-headed ogre
  9161 | D:8      | Killed a two-headed ogre
  9833 | D:9      | Noticed a two-headed ogre
  9842 | D:9      | Killed a two-headed ogre
 10329 | D:9      | Noticed a purple ugly thing
 10347 | D:9      | Noticed a boulder beetle
 10589 | D:9      | Killed a purple ugly thing
 10680 | D:9      | Reached XP level 11. HP: 76/99 MP: 19/19
 11776 | D:9      | Killed a boulder beetle
 11777 | D:9      | Reached skill level 5 in Dodging
 12045 | D:10     | Entered Level 10 of the Dungeon
 12045 | D:10     | Noticed an ogre mage
 12108 | D:10     | Identified the +1 pair of gloves of Qeymmeg {Regen+}
 12223 | D:10     | Paralysed by something for 4 turns
 12231 | D:10     | Killed an ogre mage
 12261 | D:10     | Identified the +9 halberd "Betoinost" {vorpal, rF- rN+
                  | Str+4 Int+5}
 12264 | D:10     | Noticed a two-headed ogre
 12273 | D:10     | Killed a two-headed ogre
 12274 | D:10     | Reached skill level 5 in Armour
 12274 | D:10     | Reached skill level 5 in Spellcasting
 12896 | D:11     | Noticed Psyche
 12912 | D:11     | Killed Psyche
 13046 | D:11     | Found a staircase to the Orcish Mines.
 13062 | D:11     | Noticed a two-headed ogre
 13062 | D:11     | Noticed a two-headed ogre
 13083 | D:11     | Killed a two-headed ogre
 13088 | D:11     | Killed a two-headed ogre
 13493 | D:11     | Identified the +0 dagger of Fate {freeze, rElec}
 13821 | D:12     | Noticed Maurice
 13911 | Lair:1   | Entered Level 1 of the Lair of Beasts
 13919 | Lair:1   | Reached XP level 12. HP: 72/106 MP: 23/23
 14443 | Lair:1   | Identified the +3 hunting sling "Uthruitte" {venom, +Blink
                  | rElec Str-4 Dex-4}
 14776 | Lair:1   | Reached XP level 13. HP: 113/113 MP: 24/24
 14791 | Lair:2   | Found a staircase to the Swamp.
 15019 | Lair:2   | Noticed Fannar
 15069 | Lair:2   | Killed Fannar
 16041 | Lair:3   | Reached skill level 10 in Dodging
 16210 | Orc:1    | Entered Level 1 of the Orcish Mines
 16231 | Orc:1    | Found Lihoh's Assorted Antiques.
 16360 | Orc:2    | Entered Level 2 of the Orcish Mines
 16571 | Orc:2    | Reached skill level 10 in Armour
 16917 | Orc:1    | Found a runed translucent gate.
 16917 | Orc:1    | Found a runed translucent gate.
 16917 | Orc:1    | Found a runed translucent gate.
 16922 | Orc:1    | Found an opulent altar of Gozag.
 17447 | Orc:1    | Noticed tatocazan's ghost (journeyman TrHu)
 17458 | Orc:1    | Found Cocvedd's Assorted Antiques.
 17473 | Orc:1    | Killed tatocazan's ghost
 17495 | Orc:1    | Bought a scroll labelled ZASUXE ERRUNUU for 29 gold pieces
 17495 | Orc:1    | Bought a potion of heal wounds for 145 gold pieces
 17495 | Orc:1    | Bought a glowing yellow potion for 26 gold pieces
 17868 | Orc:2    | Noticed Donald
 17893 | Orc:1    | HP: 1/113 [Donald/+1 antimagic broad axe (40)]
 17898 | Orc:1    | Annihilated by Donald

Illustrated notes

Levels and vault maps discovered:
D:1:      heliophobic_arrival_glass_houses, layout_loops_ring, st_stairs_14
D:2:      layout_basic, uniq_crazy_yiuf_cottage
D:3:      layout_basic, grunt_temple_overflow_open,
          gammafunk_temple_overflow_forgotten, uniq_terence
D:4:      layout_basic, lemuel_tele_altar, uniq_natasha
D:5:      layout_basic, lemuel_crystal_altar, minmay_temple_entry_hall
D:6:      layout_loops_ring, kiku_gazebo_pond_becter, serial_bayou,
          serial_bayou_lagoon_b, serial_bayou_pond_c, serial_bayou_pond_c,
          serial_bayou_ford_a, serial_bayou_lagoon_a
D:7:      layout_loops_ring, kennysheep_mini_moat, serial_shops,
          nicolae_shop_crystal, uniq_maggie, uniq_duvessa, uniq_harold
D:8:      minmay_the_grid_plus [minmay_the_grid_dragon_a,
          minmay_the_grid_dragon_b, minmay_the_grid_tree,
          minmay_the_grid_small_cups, minmay_the_grid_prize_trominoes],
          layout_layer_cave, vehumet_crystals, minmay_lair_entry_grove
D:9:      layout_cave_pools, minivault_28
D:10:     layout_basic, minmay_radiant
D:11:     layout_cave_pools, uniq_psyche
D:12:     layout_grid_maze, gammafunk_ghost_split, uniq_nessos, uniq_josephine,
          uniq_maurice
Lair:1:   layout_long_grid
Lair:2:   layout_misc_corridors, minmay_swamp_entry_wisps, serial_bayou_pond_c,
          lemuel_fruit_fields, uniq_fannar
Lair:3:   layout_misc_corridors, nicolae_spider_entry_tight_spaces
Orc:1:    layout_caves, ebering_ghost_gozag, serial_shops, shop_fountains,
          nicolae_orc_tapped_out
Orc:2:    grunt_orc_gardens, layout_diamond_mine, grunt_orc_garden,
          grunt_orc_garden, grunt_orc_garden, grunt_orc_garden, uniq_donald

Skill      XL: |  1  2  3  4  5  6  7  8  9 10 11 12 13 |
---------------+----------------------------------------+-----
Fighting       | 1 2 3 4 5 6 9 10 | 10.0
Dodging        | 2 4 7 8 10 | 10.0
Unarmed Combat | 3 4 5 6 7 9 10 | 10.1
Transmutations | 3 7 9 |  9.5
Spellcasting   | 3 5 |  5.0
Armour         | 3 7 8 10 | 10.0
Necromancy     | 3 |  3.0
Translocations | 3 |  3.0

Action                   |  1- 3 |  4- 6 |  7- 9 | 10-12 | 13-15 || total
-------------------------+-------+-------+-------+-------+-------++-------
Melee: Unarmed           |   116 |   163 |   181 |   539 |   340 ||  1339
       Kick              |    19 |    62 |    74 |   203 |    23 ||   381
       Headbutt          |    12 |    36 |    47 |   131 |     9 ||   235
       Punch             |     2 |     4 |     8 |    34 |    23 ||    71
 Cast: Beastly Appendage |    23 |    35 |    31 |    57 |     9 ||   155
       Animate Skeleton  |       |       |       |     2 |     1 ||     3
       Blade Hands       |       |       |       |       |    24 ||    24
       Wereblood         |       |       |       |       |     3 ||     3
       Apportation       |       |       |       |       |     1 ||     1
Evoke: Wand              |       |       |     7 |    22 |     1 ||    30
       Tin of tremorston |       |       |       |     3 |     2 ||     5
       Box of beasts     |       |       |       |     1 |       ||     1
  Use: Potion            |       |     3 |     3 |     4 |     4 ||    14
       Scroll            |       |     9 |     3 |     9 |     4 ||    25
 Stab: Sleeping          |     2 |       |       |       |       ||     2
       Invisible         |       |       |     3 |       |       ||     3
Armor: Leather armour    |    29 |     7 |       |       |       ||    36
       Robe              |     1 |       |       |       |       ||     1
       Ring mail         |       |    37 |    57 |   162 |   118 ||   374
Dodge: Dodged            |    78 |    70 |    90 |   362 |   257 ||   857

Table legend: (Time is in decaauts)
 A = Elapsed time spent in this place.
 B = Non-inter-level travel time spent in this place.
 C = Inter-level travel time spent in this place.
 D = Time resting spent in this place.
 E = Time spent auto-exploring this place.
 F = Levels seen in this place.
 G = Mean time per level.
                   A        B        C        D        E       F      G
               +--------+--------+--------+--------+--------+-----+--------+
         Total |  17763 |  17262 |    501 |   2140 |  12176 |  17 | 1044.9 |
       Dungeon |  13960 |  13537 |    423 |   1609 |   9914 |  12 | 1163.3 |
          Lair |   2142 |   2104 |     38 |    207 |   1350 |   3 |  714.0 |
  Orcish Mines |   1660 |   1621 |     39 |    324 |    911 |   2 |  830.0 |
               +--------+--------+--------+--------+--------+-----+--------+

Top non-repeatable levels by time:
     D:8: 3012 daAuts
     D:9: 1606 daAuts
     D:6: 1337 daAuts
   Orc:1: 1295 daAuts
     D:2: 1223 daAuts
     D:1: 1109 daAuts
     D:3: 1074 daAuts
     D:4: 1058 daAuts
  Lair:2: 994 daAuts
  Lair:1: 969 daAuts
    D:11: 941 daAuts
     D:7: 930 daAuts
    D:10: 857 daAuts
     D:5: 773 daAuts
   Orc:2: 364 daAuts
